 Dungeon Crawl Stone Soup version 0.25.1-3-ge44b62a0b3 (webtiles) character file.

Game seed: 13395269356531206720

557 H0rd4k the Magician (level 7, -1/36 HPs)
             Began as a Deep Elf Wizard on Nov 23, 2020.
             Hit by a silver boomerang thrown by an orc (3 damage)
             ... on level 3 of the Dungeon.
             The game lasted 00:08:03 (4842 turns).

H0rd4k the Magician (Deep Elf Wizard)               Turns: 4842, Time: 00:08:03

Health: -1/36      AC:  2    Str:  4      XL:     7   Next: 9%
Magic:  0/20       EV: 13    Int: 24 (25) God:
Gold:   102        SH:  0    Dex: 11 (13) Spells: 12/21 levels left

rFire    . . .     SeeInvis .   (no weapon)
rCold    . . .     Gourm    .   (no shield)
rNeg     . . .     Faith    .   a - +0 robe
rPois    .         Spirit   .   b - +0 hat
rElec    .         Reflect  .   (no cloak)
rCorr    .         Harm     .   (no gloves)
MR       .....                  (no boots)
Stlth    ++........             (no amulet)
HPRegen  0.12/turn              (no ring)
MPRegen  0.17/turn              (no ring)

@: very slightly contaminated
A: beak, hooves 1, deterioration 1
a: no special abilities


You were on level 3 of the Dungeon.
You were hungry.

You visited 1 branch of the dungeon, and saw 5 of its levels.

You collected 102 gold pieces.

Inventory:

Armour
 a - a +0 robe (worn)
 b - a +0 hat (worn)
Scrolls
 f - a scroll of blinking {unknown}
 h - 4 scrolls of teleportation
 i - 2 scrolls of remove curse
 j - 3 scrolls of identify
 o - 2 scrolls of random uselessness
Potions
 c - a potion of curing
 m - 2 potions of lignification
 n - 2 potions of brilliance {unknown}
Comestibles
 d - 9 rations


   Skills:
 + Level 3.0 Dodging
 + Level 3.2 Stealth
 + Level 7.8 Spellcasting
 + Level 4.5 Conjurations
   Level 1.1 Summonings
 + Level 1.1 Translocations
 * Level 2.3 Fire Magic
 + Level 1.0 Air Magic
 + Level 1.1 Poison Magic


You had 12 spell levels left.
You knew the following spells:

 Your Spells              Type           Power        Failure   Level  Hunger
a - Magic Dart            Conj           ####         1%          1    None
b - Blink                 Tloc           N/A          6%          2    None
c - Conjure Flame         Conj/Fire      ####....     4%          3    None
d - Mephitic Cloud        Conj/Pois/Air  ###.....     8%          3    None

Your spell library contained the following spells:

 Spells                   Type           Power        Failure   Level  Hunger
 Call Imp                 Summ           ##......     6%          2    None
 Slow                     Hex            #.......     10%         2    None


Dungeon Overview and Level Annotations

Branches:
Dungeon (5/15)
 Temple: D:4-7

Altars:

Annotations:
D:2 exclusion: downstairs
D:3 exclusion: hobgoblin, Terence
D:4 exclusions: phantom and upstairs


Innate Abilities, Weirdness & Mutations

You have a beak for a mouth.
You have large cloven feet.
Your body sometimes deteriorates upon taking damage.


Message History

Casting: Magic Dart (safe; 1% risk of failure)
Confirm with . or Enter, or press ? or * to list all spells.
Aiming: Magic Dart (safe; 1% risk of failure)
Press: ? - help, Shift-Dir - straight line, f/p - orc wizard
Aim: an orc wizard, wielding a +5 dagger and wearing a +0 robe (severely wounded, fast)
The magic dart hits the orc wizard.
You kill the orc wizard!
Sorry, you're not good enough to have a special ability.
Casting: Magic Dart (safe; 1% risk of failure)
Confirm with . or Enter, or press ? or * to list all spells.
Aiming: Magic Dart (safe; 1% risk of failure)
Press: ? - help, Shift-Dir - straight line, f - orc
Aim: an orc, wielding a +0 dagger and quivering 5 silver boomerangs The magic dart hits the orc!
The orc is almost dead.
The orc hits you with a +0 dagger.
* * * LOW HITPOINT WARNING * * *
Your body deteriorates!
You feel clumsy.
The orc throws a silver boomerang.
The silver boomerang hits you.
You die...

#### #.## ##.# ...#
##.###.## ##.# #....## ##.#
#.#### ##.####.##########
.........).......# #########
...##.#)....####.# #.......#
#####.#.##..####.###.......#
# #.#.).......@.o.....##.#
## #.#)....###..###..#.##.##
.# #.#.......#..# #..#.....#
.# #......###...#
#........### .#######..##
##.## ##..o......# ......
#.## ##. ####.##...# .#####
..# .# .# ..... #.# .# .....
.. .#


You could see an orc.

Vanquished Creatures
  Sigmund (D:4)
  A crimson imp (D:5)
  An orc wizard (D:3)
  2 orc priests
  An iguana (D:4)
  5 worker ants
  4 adders
  3 gnolls
  A worm (D:3)
  A dart slug (D:1)
  2 leopard geckos
  6 orcs
  6 giant cockroaches
  3 goblins
  13 hobgoblins
  3 jackals (D:2)
  A ball python (D:2)
  4 bats
  6 frilled lizards
  9 kobolds
  8 rats
81 creatures vanquished.

Notes
Turn   | Place    | Note
-------+----------+-------------------------------------------
     0 | D:1      | H0rd4k the Deep Elf Wizard began the quest for the Orb.
     0 | D:1      | Reached XP level 1. HP: 10/10 MP: 7/7
    16 | D:1      | Reached skill level 5 in Spellcasting
    16 | D:1      | Reached XP level 2. HP: 15/15 MP: 0/10
  1036 | D:1      | Reached XP level 3. HP: 19/19 MP: 6/12
  1040 | D:1      | Learned a level 2 spell: Blink
  1044 | D:1      | Learned a level 3 spell: Conjure Flame
  1048 | D:1      | Learned a level 3 spell: Mephitic Cloud
  1668 | D:2      | Reached skill level 1 in Air Magic
  1736 | D:2      | Reached XP level 4. HP: 24/24 MP: 9/13
  2990 | D:3      | Noticed Terence
  3004 | D:3      | Reached skill level 6 in Spellcasting
  3236 | D:4      | Noticed a phantom
  3351 | D:4      | Reached skill level 1 in Poison Magic
  3351 | D:4      | Reached XP level 5. HP: 20/28 MP: 3/15
  3591 | D:4      | Noticed Sigmund
  3603 | D:4      | Killed Sigmund
  3603 | D:4      | Reached skill level 1 in Fire Magic
  3603 | D:4      | Reached XP level 6. HP: 26/32 MP: 7/17
  3691 | D:4      | Got a scorched quarterstaff
  3692 | D:4      | Identified the cursed +0 quarterstaff of the Forsaken Mice
                  | {freeze, +Fly rN+ Int-5} (You found it on level 4 of the
                  | Dungeon)
  3852 | D:4      | Reached skill level 7 in Spellcasting
  4404 | D:5      | Entered Level 5 of the Dungeon
  4561 | D:4      | Gained mutation: Your body sometimes deteriorates upon
                  | taking damage. [potion of mutation]
  4561 | D:4      | Gained mutation: You have large cloven feet. [potion of
                  | mutation]
  4561 | D:4      | Gained mutation: You have a beak for a mouth. [potion of
                  | mutation]
  4835 | D:3      | Reached XP level 7. HP: 11/36 MP: 5/20
  4842 | D:3      | Hit by a silver boomerang thrown by an orc

Illustrated notes

Levels and vault maps discovered:
D:1:      tarquinn_simple_flora_water_e, layout_loops_corners
D:2:      layout_loops_ring
D:3:      layout_loops_cross, chequers_hall_statues_corner_a,
          okawaru_ov_weapons_minmay, uniq_terence
D:4:      layout_gridville, first_ration, uniq_sigmund
D:5:      layout_basic, minmay_misc_feat_tower, uniq_duvessa,
          uniq_prince_ribbit1, uniq_grinder

Skill      XL: |  1  2  3  4  5  6 |
---------------+-------------------+-----
Spellcasting   | 5 6 7 |  7.8
Conjurations   | 2 3 4 |  4.5
Air Magic      | 1 |  1.0
Poison Magic   | 1 |  1.1
Dodging        | 3 |  3.0
Stealth        | 3 |  3.2
Fire Magic     | 1 2 |  2.3
Summonings     | |  1.1
Translocations | |  1.1

Action                   |  1- 3 |  4- 6 |  7- 9 || total
-------------------------+-------+-------+-------++-------
 Cast: Magic Dart        |    86 |   168 |     7 ||   261
       Conjure Flame     |       |     5 |       ||     5
       Mephitic Cloud    |       |     2 |       ||     2
       Blink             |       |     3 |       ||     3
  Use: Scroll            |       |     4 |       ||     4
       Potion            |       |     3 |       ||     3
  Eat: Chunk             |     2 |     9 |       ||    11
Armor: Robe              |     1 |     4 |       ||     5
Dodge: Dodged            |    11 |    30 |     2 ||    43
